 Dungeon Sprint DCSS version 0.26-a0-720-g2a1d101370 (webtiles) character file.

Game seed: 8045682763820658358

216 TerrariaFan the Blocker (level 5, -8/35 HPs)
             Began as a Gargoyle Fighter on Nov 3, 2020.
             Was a Priest of the Shining One.
             Killed from afar by a deep elf mage (17 damage)
             ... with a shard of ice
             ... in the Dungeon (Sprint VII: "The Pits").
             The game lasted 00:02:24 (669 turns).

TerrariaFan the Blocker (Gargoyle Fighter)           Turns: 669, Time: 00:02:25

Health: -8/35      AC: 14    Str: 20    XL:     5   Next: 93%
Magic:  7/7        EV:  9    Int:  9    God:    the Shining One [***...]
Gold:   0          SH: 11    Dex:  9    Spells: 4/4 levels left

rFire    . . .     SeeInvis .   q - +2 long sword (holy)
rCold    . . .     Faith    .   c - +0 kite shield
rNeg     + + .     Spirit   .   p - +3 scale mail
rPois    ∞         Reflect  .   (no helmet)
rElec    +         Harm     .   (no cloak)
rCorr    .         Rampage  .   (no gloves)
MR       .....     NoTele   +   (no boots)
Stlth    ..........             (no amulet)
HPRegen  0.11/turn              (no ring)
MPRegen  0.10/turn              (no ring)

@: glowing
A: negative energy resistance 1, electricity resistance, unbreathing,
petrification resistance, rot immunity, AC +4
a: Divine Shield, Renounce Religion


You were in the Dungeon.
You worshipped the Shining One.
The Shining One was most pleased with you.
You visited 1 branch

Inventory:

Hand Weapons
 a - a +0 long sword
 o - a +2 falchion of protection
 q - a +2 long sword of holy wrath (weapon)
Armour
 b - a +0 scale mail
 c - a +0 kite shield (worn)
 p - a +3 scale mail (worn)
Scrolls
 l - 3 scrolls of remove curse
 m - 5 scrolls of amnesia
 n - a scroll of summoning
Potions
 d - a potion of might
 e - 6 potions of curing
 f - 5 potions of heal wounds
 g - a potion of haste
 h - 4 potions of magic
 i - 3 potions of berserk rage
 k - 2 potions of invisibility


   Skills:
 + Level 5.2 Fighting
 + Level 4.5 Long Blades
 + Level 6.9 Armour
 + Level 2.1 Dodging
 - Level 0.7 Stealth
 + Level 8.3 Shields
 * Level 3.5 Invocations


You had 4 spell levels left.
You didn't know any spells.
Your spell library was empty.

Dungeon Overview and Level Annotations

Branches:
Dungeon (1/1)

Altars:
Ashenzari
Cheibriados
Dithmenos
Elyvilon
Fedhas
Gozag
Hepliaklqana
Kikubaaqudgha
Makhleb
Nemelex Xobeh
Okawaru
Qazlal
Ru
Sif Muna
Trog
Uskayaw
Vehumet
Wu Jian
Xom
Yredelemnul
Zin
The Shining One
Beogh
Jiyva
Lugonu


Innate Abilities, Weirdness & Mutations

You are resistant to torment.
Your stone body is resilient. (AC +4)
You are immune to poison.
You resist negative energy. (rN+)
You are resistant to electric shocks. (rElec)
You can survive without breathing.
You are immune to petrification.
You are immune to rotting.


Message History

You hit the deep elf mage.
The deep elf mage is moderately wounded.
You block the orc's attack.
The deep elf mage casts a spell.
You completely miss the deep elf mage.
The deep elf mage is moderately wounded.
The orc hits you but does no damage.
The deep elf mage hits you with a +0 dagger.
* * * LOW HITPOINT WARNING * * *
You slash the deep elf mage!
The deep elf mage is heavily wounded.
The deep elf mage hits you but does no damage.
You block the orc's attack.
The deep elf mage hits you but does no damage.
You hit the deep elf mage.
The deep elf mage is severely wounded.
The orc hits you but does no damage. The deep elf mage casts a spell at you.
The shard of ice hits you!
You die...

############
#_________.#
#_________.#
#_______...#######
##########'##.....
#.?(.')))'.##.....
##########.##.....
#@eY........'.....
#o#####'#####.....
#.#.....#.[##.....
#.#.....#))#####'#
#.###)###.)##.....
#.#.....#))##.....
#.#.....#..##.....
#.####)##'###...<.
#.#........##.....


You could see a deep elf mage, an ice beast (summoned) and an orc.

Vanquished Creatures
  A water moccasin (D)
  A centaur (D)
  2 adders (D)
  An ufetubus (D)
  A leopard gecko (D)
  2 goblins (D)
  3 jackals (D)
  A quokka (D)
  A frilled lizard (D)
  A jackal zombie (D)
  A leopard gecko skeleton (D)
15 creatures vanquished.

Notes
Turn   | Place    | Note
-------+----------+-------------------------------------------
     0 | D        | TerrariaFan the Gargoyle Fighter began the quest for the
                  | Orb.
     0 | D        | Reached XP level 1. HP: 14/14 MP: 1/1
    50 | D        | Reached XP level 2. HP: 20/20 MP: 2/2
   217 | D        | Found a bloodstained altar of Trog.
   217 | D        | Found a shimmering blue altar of Sif Muna.
   217 | D        | Found a viscous altar of Jiyva.
   217 | D        | Found a hazy altar of Hepliaklqana.
   217 | D        | Found an opulent altar of Gozag.
   248 | D        | Found a glowing golden altar of the Shining One.
   248 | D        | Found a glowing silver altar of Zin.
   248 | D        | Found a basalt altar of Yredelemnul.
   248 | D        | Found a shimmering altar of Xom.
   248 | D        | Found an ornate altar of the Wu Jian Council.
   248 | D        | Found a sacrificial altar of Ru.
   248 | D        | Found a stormy altar of Qazlal.
   248 | D        | Found an iron altar of Okawaru.
   248 | D        | Found a sparkling altar of Nemelex Xobeh.
   248 | D        | Found a burning altar of Makhleb.
   248 | D        | Found a blossoming altar of Fedhas.
   248 | D        | Found a white marble altar of Elyvilon.
   248 | D        | Found a shadowy altar of Dithmenos.
   248 | D        | Found a snail-covered altar of Cheibriados.
   250 | D        | Found a radiant altar of Vehumet.
   250 | D        | Found a corrupted altar of Lugonu.
   250 | D        | Found a roughly hewn altar of Beogh.
   251 | D        | Found a hide-covered altar of Uskayaw.
   251 | D        | Found an ancient bone altar of Kikubaaqudgha.
   251 | D        | Found a broken altar of Ashenzari.
   255 | D        | Became a worshipper of the Shining One
   309 | D        | Reached * piety under the Shining One
   309 | D        | Reached skill level 4 in Shields
   400 | D        | Noticed a centaur
   400 | D        | Reached ** piety under the Shining One
   432 | D        | Reached XP level 3. HP: 20/24 MP: 3/3
   456 | D        | HP: 1/24 [centaur (3)]
   458 | D        | Killed a centaur
   458 | D        | Reached skill level 5 in Armour
   458 | D        | Reached skill level 1 in Dodging
   458 | D        | Reached skill level 6 in Shields
   458 | D        | Reached XP level 4. HP: 25/30 MP: 4/4
   552 | D        | Noticed a water moccasin
   563 | D        | Killed a water moccasin
   563 | D        | Reached skill level 5 in Fighting
   563 | D        | Reached skill level 8 in Shields
   563 | D        | Reached XP level 5. HP: 34/35 MP: 4/7
   600 | D        | Noticed a deep elf mage
   600 | D        | Reached *** piety under the Shining One
   603 | D        | Noticed an ice beast
   667 | D        | Noticed an ice beast
   669 | D        | Killed from afar by a deep elf mage

Illustrated notes

Levels and vault maps discovered:
D:        pitsprint [storerooms_1, entrance_room_1, metal_vault_4, armoury_2,
          mini_pit_1, grid_room_1, main_hall_1, silver_pit, the_coven_3,
          the_vestibule_1, steel_vault_2, golden_pit, hallway_of_sentries,
          crystal_vault_2, iron_vault_5, final_vault]

Skill      XL: |  1  2  3  4 |
---------------+-------------+-----
Long Blades    | 2 3 4 |  4.5
Fighting       | 4 5 |  5.2
Armour         | 4 5 6 |  6.9
Shields        | 4 6 8 |  8.3
Dodging        | 1 2 |  2.1
Invocations    | 3 |  3.5
Stealth        | |  0.7

Action                   |  1- 3 |  4- 6 || total
-------------------------+-------+-------++-------
Melee: Long sword        |     8 |    25 ||    33
       Falchion          |     4 |     3 ||     7
  Use: Potion            |     1 |       ||     1
       Scroll            |       |     1 ||     1
Armor: Scale mail        |    47 |     9 ||    56
Dodge: Dodged            |    36 |     7 ||    43
Block: Kite shield       |    72 |    19 ||    91
       Rpst.: Long sword |     1 |     2 ||     3
       Falchion          |    11 |       ||    11

Table legend: (Time is in decaauts)
 A = Elapsed time spent in this place.
 B = Non-inter-level travel time spent in this place.
 C = Inter-level travel time spent in this place.
 D = Time resting spent in this place.
 E = Time spent auto-exploring this place.
 F = Levels seen in this place.
 G = Mean time per level.
                   A        B        C        D        E       F      G
               +--------+--------+--------+--------+--------+-----+--------+
         Total |    679 |    660 |     19 |    344 |      0 |   1 |  679.0 |
       Dungeon |    679 |    660 |     19 |    344 |      0 |   1 |  679.0 |
               +--------+--------+--------+--------+--------+-----+--------+

Top non-repeatable levels by time:
       D: 679 daAuts
